| TOP OF THE 1ST |
|
Cabo San Lucas Worms batting - Pitching for Panama City Capitales : RHP Richard Renwick
|
|
Pitching: RHP Richard Renwick
|
|
|
Batting: LHB Hector Arroyo
|
0-0: Fly out, F8 (Flyball, 78D, EV 91.9 MPH)
|
|
Batting: LHB Joseph Bruno
|
0-0: Called Strike 0-1: Swinging Strike 0-2: SINGLE (Groundball, 6S, EV 70.6 MPH) (infield hit)
|
|
Batting: LHB Ernie Riles
|
0-0: Called Strike Joseph Bruno steals 2nd base (no throw) 0-1: Called Strike 0-2: Foul Ball, location: 2F 0-2: Ball 1-2: Strikes out swinging
|
|
Batting: LHB Louie Meadows
|
0-0: Called Strike 0-1: Ground out U3 (Groundball, 3, EV 80.6 MPH)
|
| Top of the 1st over - 0 runs, 1 hit, 0 errors, 1 left on base; Cabo San Lucas 0 - Panama City 0 |
| BOTTOM OF THE 1ST |
|
Panama City Capitales batting - Pitching for Cabo San Lucas Worms : RHP Rich Bordi
|
|
Pitching: RHP Rich Bordi
|
|
|
Batting: LHB George Kaage
|
0-0: Ball 1-0: Ball 2-0: Swinging Strike 2-1: Ball 3-1: Foul Ball, location: 2F 3-2: Foul Ball, location: 2F 3-2: Base on Balls
|
|
Batting: SHB Stan Javier
|
0-0: Ball 1-0: Ball 2-0: Ball 3-0: Base on Balls George Kaage to second
|
|
Batting: RHB David Hall
|
0-0: Swinging Strike 0-1: Foul Ball, location: 2F 0-2: Foul Ball, location: 2F 0-2: Foul Ball, location: 2F 0-2: Ball 1-2: Ball 2-2: Foul Ball, location: 2F 2-2: Ball 3-2: Fly out, F3 (Popup, 34S, EV 65.0 MPH)
|
|
Batting: RHB Rod Allen
|
0-0: Called Strike 0-1: SINGLE (Line Drive, 8LS, EV 96.3 MPH) George Kaage to third Stan Javier to second Runner from 3rd tries for Home, SAFE, throw by CF to home
|
|
Batting: LHB Jordan Medrano
|
0-0: Grounds out, U3 (Groundball, 3L, EV 85.6 MPH) Stan Javier to third
|
|
Batting: RHB Pedro Guerrero
|
0-0: Swinging Strike 0-1: SINGLE (Groundball, 56D, EV 108.1 MPH) Stan Javier scores Rod Allen to third Runner from 3rd tries for Home, SAFE, throw by LF to home
|
|
Batting: RHB Armando Moreno
|
0-0: Ground out 5-3 (Groundball, 25, EV 86.3 MPH)
|
| Bottom of the 1st over - 3 runs, 2 hits, 0 errors, 1 left on base; Cabo San Lucas 0 - Panama City 3 |
| TOP OF THE 2ND |
|
Cabo San Lucas Worms batting - Pitching for Panama City Capitales : RHP Richard Renwick
|
|
Batting: RHB Andrew Barbee
|
0-0: DOUBLE (Flyball, 78D, EV 92.5 MPH)
|
|
Batting: RHB Paul Zuvella
|
0-0: Ground out 6-3 (Groundball, 6, EV 83.1 MPH) Andrew Barbee to third
|
|
Batting: LHB Derwin McNealy
|
0-0: Ball 1-0: Called Strike 1-1: Fly out, F9 (Flyball, 89M, EV 78.8 MPH) Runner from 3rd tags up, SCORES, throw by RF
|
|
Batting: RHB Todd Smith
|
0-0: Fly out, F8 (Flyball, 8RS, EV 92.5 MPH)
|
| Top of the 2nd over - 1 run, 1 hit, 0 errors, 0 left on base; Cabo San Lucas 1 - Panama City 3 |
| BOTTOM OF THE 2ND |
|
Panama City Capitales batting - Pitching for Cabo San Lucas Worms : RHP Rich Bordi
|
|
Batting: LHB Jessie Reid
|
0-0: Swinging Strike 0-1: Ball 1-1: Fly out, F8 (Flyball, 8LS, EV 80.0 MPH)
|
|
Batting: SHB Mark Bailey
|
0-0: Called Strike 0-1: Ball 1-1: Called Strike 1-2: Strikes out swinging
|
|
Batting: LHB George Kaage
|
0-0: Ball 1-0: Ball 2-0: Called Strike 2-1: Foul Ball, location: 2F 2-2: Ball 3-2: Base on Balls
|
|
Batting: SHB Stan Javier
|
0-0: Called Strike George Kaage steals 2nd, throwing error, E2 George Kaage to third 0-1: Fly out, F4 (Flyball, 4D, EV 86.9 MPH)
|
| Bottom of the 2nd over - 0 runs, 0 hits, 1 error, 1 left on base; Cabo San Lucas 1 - Panama City 3 |
| TOP OF THE 3RD |
|
Cabo San Lucas Worms batting - Pitching for Panama City Capitales : RHP Richard Renwick
|
|
Batting: RHB Bill Pecota
|
0-0: Swinging Strike 0-1: Ball 1-1: Swinging Strike 1-2: Foul Ball, location: 2F 1-2: Ball 2-2: Strikes out swinging
|
|
Batting: LHB Hector Arroyo
|
0-0: Called Strike 0-1: Foul Ball, location: 2F 0-2: Ball 1-2: Ball 2-2: Foul Ball, location: 2F 2-2: Strikes out looking
|
|
Batting: LHB Joseph Bruno
|
0-0: Ball 1-0: Foul Ball, location: 2F 1-1: Called Strike 1-2: Foul Ball, location: 2F 1-2: Ball 2-2: Ball 3-2: Base on Balls
|
|
Batting: LHB Ernie Riles
|
0-0: Ball Joseph Bruno steals 2nd base 1-0: Ball 2-0: Ball 3-0: Called Strike 3-1: Base on Balls
|
|
Batting: LHB Louie Meadows
|
0-0: Swinging Strike 0-1: Called Strike 0-2: Strikes out swinging
|
| Top of the 3rd over - 0 runs, 0 hits, 0 errors, 2 left on base; Cabo San Lucas 1 - Panama City 3 |
| BOTTOM OF THE 3RD |
|
Panama City Capitales batting - Pitching for Cabo San Lucas Worms : RHP Rich Bordi
|
|
Batting: RHB David Hall
|
0-0: Called Strike 0-1: Ground out 6-3 (Groundball, 6, EV 85.6 MPH)
|
|
Batting: RHB Rod Allen
|
0-0: Foul Ball, location: 2F 0-1: Foul Ball, location: 2F 0-2: SINGLE (Line Drive, 9LM, EV 111.3 MPH)
|
|
Batting: LHB Jordan Medrano
|
0-0: Ball 1-0: Ball 2-0: Ball 3-0: Called Strike 3-1: Foul Ball, location: 2F 3-2: Foul Ball, location: 2F 3-2: SINGLE (Groundball, 4MD, EV 95.6 MPH) (infield hit) Rod Allen to second
|
|
Batting: RHB Pedro Guerrero
|
0-0: Called Strike Jordan Medrano is caught stealing 2nd base 2-4 Rod Allen steals 3rd base 0-1: Fly out, F8 (Flyball, 8RD, EV 105.0 MPH)
|
| Bottom of the 3rd over - 0 runs, 2 hits, 0 errors, 1 left on base; Cabo San Lucas 1 - Panama City 3 |
| TOP OF THE 4TH |
|
Cabo San Lucas Worms batting - Pitching for Panama City Capitales : RHP Richard Renwick
|
|
Batting: RHB Andrew Barbee
|
0-0: Ball 1-0: Fly out, F8 (Line Drive, 8LM, EV 100.0 MPH)
|
|
Batting: RHB Paul Zuvella
|
0-0: Swinging Strike 0-1: Ball 1-1: Ball 2-1: Ball 3-1: Base on Balls
|
|
Batting: LHB Derwin McNealy
|
0-0: Ball 1-0: Foul Ball, location: 2F 1-1: Swinging Strike 1-2: Ball 2-2: SINGLE (Groundball, P, EV 85.6 MPH) (infield hit) Paul Zuvella to second
|
|
Batting: RHB Todd Smith
|
0-0: Fly out, F8 (Line Drive, 8RD, EV 91.9 MPH)
|
|
Batting: RHB Bill Pecota
|
0-0: Ball 1-0: DOUBLE (Line Drive, 89D, EV 100.6 MPH) Paul Zuvella scores Derwin McNealy to third Runner from 3rd tries for Home, SAFE, throw by CF to trailing runner, OUT at third! 8-4-5
|
| Top of the 4th over - 2 runs, 2 hits, 0 errors, 0 left on base; Cabo San Lucas 3 - Panama City 3 |
| BOTTOM OF THE 4TH |
|
Panama City Capitales batting - Pitching for Cabo San Lucas Worms : RHP Rich Bordi
|
|
Batting: RHB Armando Moreno
|
0-0: Called Strike 0-1: Fly out, F3 (Popup, 3F, EV 51.9 MPH)
|
|
Batting: LHB Jessie Reid
|
0-0: Ball 1-0: Ball 2-0: Ball 3-0: Called Strike 3-1: DOUBLE (Line Drive, 78D, EV 101.9 MPH)
|
|
Batting: SHB Mark Bailey
|
0-0: Ball 1-0: Ball 2-0: Ground out 1-3 (Groundball, 34S, EV 70.6 MPH) Jessie Reid to third
|
|
Batting: LHB George Kaage
|
0-0: Ball 1-0: Called Strike 1-1: Called Strike 1-2: Foul Ball, location: 2F 1-2: Ball 2-2: Ball 3-2: DOUBLE (Flyball, 8LXD, EV 110.6 MPH) Jessie Reid scores
|
|
Batting: SHB Stan Javier
|
0-0: Foul Ball, location: 2F 0-1: Called Strike 0-2: Ground out 5-3 (Groundball, 56, EV 79.4 MPH)
|
| Bottom of the 4th over - 1 run, 2 hits, 0 errors, 1 left on base; Cabo San Lucas 3 - Panama City 4 |
| TOP OF THE 5TH |
|
Cabo San Lucas Worms batting - Pitching for Panama City Capitales : RHP Richard Renwick
|
|
Batting: LHB Hector Arroyo
|
0-0: Called Strike 0-1: Ball 1-1: Ball 2-1: Called Strike 2-2: Strikes out looking
|
|
Batting: LHB Joseph Bruno
|
0-0: Ball 1-0: Fly out, F8 (Flyball, 8RXD, EV 92.5 MPH)
|
|
Batting: LHB Ernie Riles
|
0-0: Fly out, F7 (Line Drive, 7, EV 105.6 MPH)
|
| Top of the 5th over - 0 runs, 0 hits, 0 errors, 0 left on base; Cabo San Lucas 3 - Panama City 4 |
| BOTTOM OF THE 5TH |
|
Panama City Capitales batting - Pitching for Cabo San Lucas Worms : RHP Rich Bordi
|
|
Batting: RHB David Hall
|
0-0: Ball 1-0: Ball 2-0: Ball 3-0: Base on Balls
|
|
Batting: RHB Rod Allen
|
0-0: Called Strike 0-1: Ball 1-1: Ball 2-1: Ball 3-1: Foul Ball, location: 2F 3-2: Strikes out swinging
|
|
Pitching: RHP Lee Tunnell
|
|
|
Batting: LHB Jordan Medrano
|
0-0: Called Strike 0-1: SINGLE (Groundball, 4MS, EV 77.5 MPH) (infield hit) David Hall to second
|
|
Batting: RHB Pedro Guerrero
|
0-0: Foul Ball, location: 2F 0-1: Called Strike 0-2: Ball 1-2: Foul Ball, location: 2F 1-2: Ball 2-2: Ball 3-2: Foul Ball, location: 2F 3-2: Base on Balls David Hall to third Jordan Medrano to second
|
|
Batting: RHB Armando Moreno
|
0-0: Foul Ball, location: 2F 0-1: Ball 1-1: Ball 2-1: Foul Ball, location: 2F 2-2: Strikes out swinging
|
|
Batting: LHB Jessie Reid
|
0-0: Swinging Strike 0-1: Ball 1-1: Ball 2-1: Ball 3-1: Base on Balls David Hall scores Jordan Medrano to third Pedro Guerrero to second
|
|
Batting: SHB Mark Bailey
|
0-0: Foul Ball, location: 2F 0-1: Reaches on Catchers interference Jordan Medrano scores Pedro Guerrero to third Jessie Reid to second
|
|
Batting: LHB George Kaage
|
0-0: Ball 1-0: Fly out, F8 (Flyball, 78M, EV 91.9 MPH)
|
| Bottom of the 5th over - 2 runs, 1 hit, 1 error, 3 left on base; Cabo San Lucas 3 - Panama City 6 |
| TOP OF THE 6TH |
|
Cabo San Lucas Worms batting - Pitching for Panama City Capitales : RHP Richard Renwick
|
|
Batting: LHB Louie Meadows
|
0-0: Ball 1-0: Called Strike 1-1: Foul Ball, location: 2F 1-2: Fly out, F7 (Line Drive, 7, EV 91.9 MPH)
|
|
Batting: RHB Andrew Barbee
|
0-0: Fly out, F8 (Flyball, 89D, EV 90.6 MPH)
|
|
Batting: RHB Paul Zuvella
|
0-0: Ball 1-0: Ball 2-0: Ball 3-0: Base on Balls
|
|
Batting: LHB Derwin McNealy
|
0-0: Ground out U3 (Groundball, 3, EV 89.4 MPH)
|
| Top of the 6th over - 0 runs, 0 hits, 0 errors, 1 left on base; Cabo San Lucas 3 - Panama City 6 |
| BOTTOM OF THE 6TH |
|
Panama City Capitales batting - Pitching for Cabo San Lucas Worms : RHP Lee Tunnell
|
|
Batting: SHB Stan Javier
|
0-0: Ball 1-0: Foul Ball, location: 2F 1-1: TRIPLE (Flyball, 9LD, EV 115.0 MPH)
|
|
Batting: RHB David Hall
|
0-0: Ball 1-0: Ball 2-0: Ball 3-0: Base on Balls
|
|
Batting: RHB Rod Allen
|
0-0: Ball 1-0: DOUBLE (Line Drive, 89D, EV 98.1 MPH) Stan Javier scores David Hall to third Runner from 3rd tries for Home, SAFE, throw by RF to trailing runner, SAFE at third!
|
|
Pitching: RHP Bob Tewksbury
|
|
|
Batting: LHB Jordan Medrano
|
0-0: Ground out 5-3 (Groundball, 56, EV 105.6 MPH) Rod Allen scores
|
|
Batting: RHB Pedro Guerrero
|
0-0: Fly out, F9 (Flyball, 9S, EV 90.6 MPH)
|
|
Batting: RHB Armando Moreno
|
0-0: Ball 1-0: Ball 2-0: Swinging Strike 2-1: Fly out, F3 (Popup, 3SF, EV 85.6 MPH)
|
| Bottom of the 6th over - 3 runs, 2 hits, 0 errors, 0 left on base; Cabo San Lucas 3 - Panama City 9 |
| TOP OF THE 7TH |
|
Cabo San Lucas Worms batting - Pitching for Panama City Capitales : RHP Richard Renwick
|
|
Batting: RHB Todd Smith
|
0-0: Ball 1-0: Foul Ball, location: 2F 1-1: Swinging Strike 1-2: SINGLE (Flyball, 6D, EV 81.9 MPH)
|
|
Batting: RHB Bill Pecota
|
0-0: Ball 1-0: Foul Ball, location: 2F 1-1: Ball 2-1: Foul Ball, location: 2F 2-2: Strikes out swinging
|
|
Batting: LHB Hector Arroyo
|
0-0: Called Strike 0-1: Foul Ball, location: 2F 0-2: Ball 1-2: Fly out, F4 (Line Drive, 4, EV 70.6 MPH)
|
|
Batting: LHB Joseph Bruno
|
0-0: Foul Ball, location: 2F 0-1: Ball 1-1: Ball 2-1: Fly out, F8 (Flyball, 89M, EV 90.0 MPH)
|
| Top of the 7th over - 0 runs, 1 hit, 0 errors, 1 left on base; Cabo San Lucas 3 - Panama City 9 |
| BOTTOM OF THE 7TH |
|
Panama City Capitales batting - Pitching for Cabo San Lucas Worms : RHP Bob Tewksbury
|
|
Batting: LHB Jessie Reid
|
0-0: Ground out 6-3 (Groundball, 6M, EV 102.5 MPH)
|
|
Batting: SHB Mark Bailey
|
0-0: Called Strike 0-1: Foul Ball, location: 2F 0-2: Ball 1-2: Ground out U3 (Groundball, 3, EV 82.5 MPH)
|
|
Batting: LHB George Kaage
|
0-0: Called Strike 0-1: Ball 1-1: Ball 2-1: SINGLE (Flyball, 4D, EV 88.8 MPH)
|
|
Batting: SHB Stan Javier
|
0-0: Ball Wild Pitch! George Kaage to second 1-0: Foul Ball, location: 2F 1-1: Foul Ball, location: 2F 1-2: TRIPLE (Line Drive, 7LD, EV 110.6 MPH) George Kaage scores
|
|
Pinch Hitting: LHB Carlos Cabassa
|
0-0: Called Strike 0-1: Ball 1-1: Ground out U3 (Groundball, 3, EV 90.0 MPH)
|
| Bottom of the 7th over - 1 run, 2 hits, 0 errors, 1 left on base; Cabo San Lucas 3 - Panama City 10 |
| TOP OF THE 8TH |
|
Cabo San Lucas Worms batting - Pitching for Panama City Capitales : RHP Richard Renwick
|
|
Now in RF: Carlos Cabassa
|
|
|
Batting: LHB Ernie Riles
|
0-0: Ball 1-0: Called Strike 1-1: Ball 2-1: Foul Ball, location: 2F 2-2: Ground out 1-3 (Groundball, 13, EV 68.1 MPH)
|
|
Batting: LHB Louie Meadows
|
0-0: Called Strike 0-1: Ball 1-1: DOUBLE (Line Drive, 7LD, EV 103.8 MPH)
|
|
Pinch Hitting: LHB Roger Hill
|
0-0: Ground out 1-3 (Groundball, 34S, EV 73.1 MPH) Louie Meadows to third
|
|
Pinch Hitting: SHB Steve Jeltz
|
0-0: Called Strike 0-1: Ball 1-1: Called Strike 1-2: Foul Ball, location: 2F 1-2: Ball 2-2: Ball 3-2: Ground out 4-3 (Groundball, 4, EV 101.3 MPH)
|
| Top of the 8th over - 0 runs, 1 hit, 0 errors, 1 left on base; Cabo San Lucas 3 - Panama City 10 |
| BOTTOM OF THE 8TH |
|
Panama City Capitales batting - Pitching for Cabo San Lucas Worms : RHP Bob Tewksbury
|
|
Now at 2B: Steve Jeltz
|
|
|
Now in RF: Roger Hill
|
|
|
Batting: RHB Rod Allen
|
0-0: DOUBLE (Line Drive, 89D, EV 108.1 MPH)
|
|
Batting: LHB Jordan Medrano
|
0-0: Called Strike 0-1: Ball 1-1: Ball 2-1: Fly out, F9 (Flyball, 9S, EV 74.4 MPH)
|
|
Pinch Hitting: RHB Joe Citari
|
0-0: Ball 1-0: Ball 2-0: SINGLE (Line Drive, 78S, EV 87.5 MPH) Rod Allen to third Runner from 3rd tries for Home, SAFE, throw by LF to home
|
|
Batting: RHB Armando Moreno
|
0-0: Foul Ball, location: 2F 0-1: Swinging Strike 0-2: Ball 1-2: Strikes out swinging
|
|
Batting: LHB Jessie Reid
|
0-0: Called Strike 0-1: Ball 1-1: Fly out, F6 (Popup, 6, EV 68.1 MPH)
|
| Bottom of the 8th over - 1 run, 2 hits, 0 errors, 1 left on base; Cabo San Lucas 3 - Panama City 11 |
| TOP OF THE 9TH |
|
Cabo San Lucas Worms batting - Pitching for Panama City Capitales : RHP Richard Renwick
|
|
Now at 1B: Joe Citari
|
|
|
Batting: LHB Derwin McNealy
|
0-0: Swinging Strike 0-1: Called Strike 0-2: Ball 1-2: Strikes out swinging
|
|
Batting: RHB Todd Smith
|
0-0: Called Strike 0-1: Foul Ball, location: 2F 0-2: Foul Ball, location: 2F 0-2: Strikes out looking
|
|
Batting: RHB Bill Pecota
|
0-0: Called Strike 0-1: Ball 1-1: Ball 2-1: Ball 3-1: Base on Balls
|
|
Pitching: LHP John Machin
|
|
|
Batting: LHB Hector Arroyo
|
0-0: Ball 1-0: SINGLE (Groundball, 34D, EV 101.3 MPH) Bill Pecota to second
|
|
Batting: LHB Joseph Bruno
|
0-0: Ball 1-0: SINGLE (Groundball, 6MS, EV 66.3 MPH) (infield hit) Bill Pecota to third Hector Arroyo to second
|
|
Batting: LHB Ernie Riles
|
0-0: Swinging Strike 0-1: Ball 1-1: Ground out U3 (Groundball, 3S, EV 84.4 MPH)
|
| Top of the 9th over - 0 runs, 2 hits, 0 errors, 3 left on base; Cabo San Lucas 3 - Panama City 11 |
|